 Dungeon Crawl Stone Soup version 0.24.0-13-gcf9b3192b9 (webtiles) character file.

Game seed: 12310840417723454665, levelgen mode: deterministic

32 FessEmpty the Sneak (level 3, -3/24 HPs)
             Began as a Vampire Enchanter on Nov 9, 2019.
             Slain by a leopard gecko (4 damage)
             ... on level 2 of the Dungeon.
             The game lasted 00:06:49 (1351 turns).

FessEmpty the Sneak (Vampire Enchanter)             Turns: 1351, Time: 00:06:49

Health: -3/24      AC:  2    Str:  7    XL:     3   Next: 10%
Magic:  3/6        EV: 12    Int: 18    God:
Gold:   81         SH:  0    Dex: 14    Spells: 0/6 levels left

rFire    . . .     SeeInvis +   a - +1 dagger
rCold    . . .     Gourm    .   (no shield)
rNeg     . . .     Faith    .   b - +0 robe
rPois    .         Spirit   .   (no helmet)
rElec    .         Reflect  .   (no cloak)
rCorr    .         Harm     .   (no gloves)
MR       .....                  (no boots)
Stlth    +++.......             (no amulet)
HPRegen  0.28/turn              (no ring)
MPRegen  0.10/turn              (no ring)

@: regenerating quickly
A: no food, fangs 3, see invisible, unbreathing
a: Exsanguinate


You were on level 2 of the Dungeon.
You were alive.

You visited 1 branch of the dungeon, and saw 2 of its levels.

You collected 81 gold pieces.

Inventory:

Hand Weapons
 a - a +1 dagger (weapon)
Missiles
 g - 3 boomerangs (quivered)
Armour
 b - a +0 robe (worn)
Scrolls
 d - a scroll of teleportation {unknown}
 e - 3 scrolls of identify {unknown}
 f - a scroll of amnesia {unknown}
 h - a scroll of fog {unknown}
Potions
 c - a potion of cancellation {unknown}


   Skills:
 + Level 1.7 Short Blades
 - Level 2.1 Dodging
 * Level 5.2 Stealth
 + Level 2.2 Spellcasting
 + Level 4.8 Hexes
 + Level 0.6 Ice Magic


You couldn't memorise any spells.
You knew the following spells:

 Your Spells              Type           Power        Failure   Level  Hunger
a - Corona                Hex            ###....      2%          1    N/A
b - Ensorcelled Hibernat  Hex/Ice        ##....       9%          2    N/A
c - Confuse               Hex            ###.....     7%          3    N/A

Your spell library contained the following spells:

 Spells                   Type           Power        Failure   Level  Hunger
 Tukima's Dance           Hex            ###.....     7%          3    N/A
 Dazzling Spray           Conj/Hex       ##....       21%         3    N/A

Dungeon Overview and Level Annotations

Branches:
Dungeon (2/15)

Altars:


Innate Abilities, Weirdness & Mutations

You do not eat.
Your natural rate of healing is unusually fast.
You have razor-sharp teeth.
You have supernaturally acute eyesight. (SInv)
You can survive without breathing.


Message History

The hobgoblin closely misses you.
Casting: Ensorcelled Hibernation (safe; 10% risk of failure)
Confirm with . or Enter, or press ? or * to list all spells.
Aiming: Ensorcelled Hibernation (safe; 10% risk of failure)
Press: ? - help, Shift-Dir - straight line, f/p - hobgoblin
Aim: a hobgoblin (moderately wounded, chance to defeat MR: 59%)
The hobgoblin looks drowsy...
The helpless hobgoblin fails to defend itself.
You impale the hobgoblin!!
You kill the hobgoblin!
You hit the giant cockroach.
The giant cockroach is heavily wounded.
The giant cockroach bites you.
You hit the giant cockroach but do no damage.
The giant cockroach is heavily wounded.
The giant cockroach bites you.
You hit the giant cockroach but do no damage.
The giant cockroach is heavily wounded.
The giant cockroach bites you but does no damage.
The giant cockroach barely misses you.
You barely miss the giant cockroach.
The giant cockroach is heavily wounded.
The giant cockroach barely misses you.
You hit the giant cockroach but do no damage.
The giant cockroach is heavily wounded.
The giant cockroach closely misses you.
You hit the giant cockroach.
The giant cockroach is severely wounded.
The giant cockroach closely misses you.
You hit the giant cockroach but do no damage.
The giant cockroach is severely wounded.
The giant cockroach bites you but does no damage.
Casting: Ensorcelled Hibernation (safe; 10% risk of failure)
Confirm with . or Enter, or press ? or * to list all spells.
Aiming: Ensorcelled Hibernation (safe; 10% risk of failure)
Press: ? - help, Shift-Dir - straight line, f - giant cockroach
Aim: a giant cockroach (heavily wounded, clinging, chance to defeat MR: 59%)
The giant cockroach resists with significant effort.
The giant cockroach bites you.
You closely miss the giant cockroach.
The giant cockroach is heavily wounded.
The giant cockroach misses you.
You completely miss the giant cockroach.
The giant cockroach is heavily wounded.
The giant cockroach bites you but does no damage. x2
You hit the giant cockroach but do no damage.
The giant cockroach is heavily wounded.
The giant cockroach closely misses you.
You hit the giant cockroach.
The giant cockroach is almost dead.
The giant cockroach misses you.
You hit the giant cockroach but do no damage.
The giant cockroach is almost dead.
The giant cockroach misses you.
You hit the giant cockroach.
You kill the giant cockroach!
You start resting.
HP restored.
You start resting.
Magic restored.
Okay, then.
There is an escape hatch in the ceiling here.
e - 3 scrolls labeled JUBRA NAANY (gained 1)
You now have 81 gold pieces (gained 11).
A kobold comes into view.
Found a stone staircase leading up.
A leopard gecko comes into view.
The kobold shouts!
The leopard gecko hisses angrily.
You hear a shout!
You hear an angry hiss.
The kobold throws a stone.
The stone barely misses you.
Found a silvery potion.
Casting: Ensorcelled Hibernation (safe; 10% risk of failure)
Confirm with . or Enter, or press ? or * to list all spells.
Aiming: Ensorcelled Hibernation (safe; 10% risk of failure)
Press: ? - help, Shift-Dir - straight line, f - kobold
Aim: a kobold (chance to defeat MR: 59%)
The kobold resists with significant effort.
A dart slug comes into view.
A goblin comes into view.
Casting: Ensorcelled Hibernation (safe; 10% risk of failure)
Confirm with . or Enter, or press ? or * to list all spells.
Aiming: Ensorcelled Hibernation (safe; 10% risk of failure)
Press: ? - help, Shift-Dir - straight line, f/p - kobold
Aim: a kobold (chance to defeat MR: 59%)
The kobold looks drowsy...
The helpless kobold fails to defend itself.
You impale the kobold!!
You kill the kobold!
The dart slug launches a dart at you. The slug dart hits you!
A worm comes into view.
A leopard gecko comes into view.
The leopard gecko misses you.
A hobgoblin comes into view. It is wielding a +0 club.
There is a stone staircase leading up here.
The leopard gecko bites you.
You climb upwards.
There is a stone staircase leading down here.
Casting: Ensorcelled Hibernation (safe; 10% risk of failure)
Confirm with . or Enter, or press ? or * to list all spells.
You don't have enough magic to cast that spell.
You hit the leopard gecko. You bite the leopard gecko.
You kill the leopard gecko!
You have reached level 3!
Your experience leads to an increase in your attributes!
Increase (S)trength, (I)ntelligence, or (D)exterity?
You feel clever.
If you were bloodless you could now transform into a vampire bat.
Memorise Confuse, consuming 3 spell levels and leaving 0?
You start memorising the spell.
You continue memorising. x3
You finish memorising.
Spell assigned to 'c'.
You start resting.
HP restored.
You start resting.
Magic restored.
You see here a leopard gecko corpse.
You see here 3 stones.
There is a stone staircase leading down here.
You climb downwards.
There is a stone staircase leading up here.
The dart slug is too close now for your liking.
Casting: Ensorcelled Hibernation (safe; 9% risk of failure)
Confirm with . or Enter, or press ? or * to list all spells.
Aiming: Ensorcelled Hibernation (safe; 9% risk of failure)
Press: ? - help, Shift-Dir - straight line, f - dart slug
Aim: a dart slug (chance to defeat MR: 60%)
The dart slug resists with significant effort.
Casting: Ensorcelled Hibernation (safe; 9% risk of failure)
Confirm with . or Enter, or press ? or * to list all spells.
Aiming: Ensorcelled Hibernation (safe; 9% risk of failure)
Press: ? - help, Shift-Dir - straight line, f/p - dart slug
Aim: a dart slug (chance to defeat MR: 60%)
The dart slug looks drowsy...
The helpless dart slug fails to defend itself.
You impale the dart slug!!
You kill the dart slug!
Casting: Ensorcelled Hibernation (safe; 9% risk of failure)
Confirm with . or Enter, or press ? or * to list all spells.
Aiming: Ensorcelled Hibernation (safe; 9% risk of failure)
Press: ? - help, Shift-Dir - straight line, f - worm
Aim: a worm (chance to defeat MR: 50%)
The worm resists with some effort.
The hobgoblin shouts!
You see here 13 gold pieces.
There is a stone staircase leading up here.
The hobgoblin closely misses you.
You climb upwards.
There is a stone staircase leading down here.
You barely miss the hobgoblin. The hobgoblin misses you.
You barely miss the hobgoblin. The hobgoblin hits you with a +0 club.
You hit the hobgoblin.
The hobgoblin is moderately wounded.
The hobgoblin barely misses you.
You barely miss the hobgoblin.
The hobgoblin is moderately wounded.
The hobgoblin closely misses you.
You hit the hobgoblin but do no damage.
The hobgoblin is moderately wounded.
Casting: Ensorcelled Hibernation (safe; 9% risk of failure)
Confirm with . or Enter, or press ? or * to list all spells.
Aiming: Ensorcelled Hibernation (safe; 9% risk of failure)
Press: ? - help, Shift-Dir - straight line, f - hobgoblin
Aim: a hobgoblin, wielding a +0 club (moderately wounded, chance to defeat MR: 60%)
The hobgoblin resists with significant effort.
The hobgoblin barely misses you.
You hit the hobgoblin.
The hobgoblin is heavily wounded.
The hobgoblin hits you with a +0 club.
You hit the hobgoblin.
You kill the hobgoblin!
You start resting.
HP restored.
You start resting.
Magic restored.
You climb downwards.
The leopard gecko hisses angrily.
The leopard gecko hisses menacingly.
The worm bites you!
There is a stone staircase leading up here.
Casting: Ensorcelled Hibernation (safe; 9% risk of failure)
Confirm with . or Enter, or press ? or * to list all spells.
Aiming: Confuse (safe; 7% risk of failure)
Press: ? - help, Shift-Dir - straight line, f - worm
Aim: a worm (chance to defeat MR: 58%)
The worm appears confused.
The worm closely misses you.
You hit the worm.
The worm is moderately wounded.
The leopard gecko hisses menacingly.
You hit the worm.
The worm is moderately wounded.
You hit the worm. You bite the worm, but do no damage.
The worm is heavily wounded.
You hit the worm.
The worm is heavily wounded.
The leopard gecko bites you. x2; The worm bites you!
* * * LOW HITPOINT WARNING * * *
The leopard gecko barely misses you. x2; The leopard gecko bites you.
Keep bloodletting? [Y]es or [N]o only, please.
Keep bloodletting?
You stop emptying yourself of blood.
You die...

. ####.................
.########..##.###.#..........
..................#..#.......
............<.....##.........
###...##..........##.......>..l
#.#.##...........##..........
#.#....<.........# ..........
#.###............##......l...
#.. #.........@l.............
##. #........wl...###......#.
#......(.........$.(.......!..
.)...##................<...#
.### #(####.......†.†......#
#.# ...##..............#
#.##.#####.............# ..##.
#.#...........# .##
...#...........#


You could see a worm (confused) and 2 leopard geckos.

Vanquished Creatures
  A dart slug (D:2)
  A leopard gecko (D:1)
  3 bats (D:1)
  3 giant cockroaches
  3 goblins (D:1)
  5 hobgoblins
  A ball python (D:2)
  5 kobolds
  5 rats (D:1)
27 creatures vanquished.

Notes
Turn   | Place    | Note
-------+----------+-------------------------------------------
     0 | D:1      | FessEmpty the Vampire Enchanter began the quest for the
                  | Orb.
     0 | D:1      | Reached XP level 1. HP: 13/13 MP: 3/3
   163 | D:1      | Reached XP level 2. HP: 17/19 MP: 5/5
   174 | D:1      | Learned a level 2 spell: Ensorcelled Hibernation
   325 | D:1      | You fall into a shaft and drop 1 floor!
   356 | D:1      | Reached skill level 5 in Stealth
  1196 | D:1      | Reached XP level 3. HP: 15/24 MP: 1/6
  1201 | D:1      | Learned a level 3 spell: Confuse
  1350 | D:2      | HP: 1/24 [worm (9)]
  1351 | D:2      | Slain by a leopard gecko

Levels and vault maps discovered:
D:1:      lemuel_arrival_lava_pool, layout_basic
D:2:      layout_rooms, regret_index_temple_of_mockery,
          okawaru_altar_gauntlet_db

Skill      XL: |  1  2 |
---------------+-------+-----
Stealth        | 5 |  5.2
Short Blades   | |  1.7
Dodging        | |  2.1
Spellcasting   | |  2.2
Hexes          | |  4.8
Ice Magic      | |  0.6

Action                   || total
-------------------------++-------
Melee: Dagger            ||    93
       Bite              ||     9
 Cast: Ensorcelled Hiber ||    15
       Corona            ||     1
       Confuse           ||     1
 Abil: Exsanguinate      ||     1
 Stab: Sleeping          ||    13
Armor: Robe              ||    13
Dodge: Dodged            ||    55
